Unix NetHack Version 3.7.0-50 Work-in-progress - last build Feb 16 2022 05:10:45. Game began 2022-02-16 17:16:31, ended 2022-02-16 18:06:01. greg, lawful female human Valkyrie --------------- |............<| ...........@`.| |............(| +............f| --------+------ Greg the Stripling St:18 Dx:16 Co:15 In:7 Wi:8 Ch:11 Lawful S:90 Dlvl:2 $:0 HP:0(16) Pw:2(2) AC:6 Xp:1/10 T:197 Satiated Latest messages: [Tyr has chosen you to recover the Amulet of Yendor for Him.] Velkommen greg, welcome to NetHack! You are a lawful human Valkyrie. You are lucky! Full moon tonight. Restoring save file... Velkommen greg, the human Valkyrie, welcome back to NetHack! You are lucky! Full moon tonight. You kill the lichen! You see here a lichen corpse. There is a lichen corpse here; eat it? [ynq] (n) y This lichen corpse tastes okay. You finish eating the lichen corpse. You swap places with your kitten. The door opens. You see here a scroll labeled YUM YUM. You see here a scroll labeled YUM YUM. You see here a scroll labeled YUM YUM. e - a scroll labeled YUM YUM. You swap places with your kitten. The door opens. A trap door in the ceiling opens and a rock falls on your head! You find a hidden door. You swap places with your kitten. The door opens. The goblin throws an orcish dagger! You are hit by an orcish dagger. The goblin hits! You kill the goblin! You see here a slime mold. There is a slime mold here; eat it? [ynq] (n) y My, this is a yummy slime mold! The kitten drops an orcish dagger. f - a scroll labeled ABRA KA DABRA. e - a scroll labeled YUM YUM. The kitten picks up an orcish dagger. The kitten drops an orcish dagger. You see here an orcish dagger. You swap places with your kitten. You see here an orcish dagger. g - an orcish dagger. You swap places with your kitten. You swap places with your kitten. You descend the stairs. Click! You trigger a rolling boulder trap! You are hit by a boulder! You die... Do you want your possessions identified? [ynq] (y) q Major events: Turn 1: greg the lawful human Valkyrie entered the dungeon 10: hit with a wielded weapon for the first time 10: killed for the first time 12: ate for the first time - lichen corpse 195: entered new level 2, The Dungeons of Doom Inventory: Weapons b - a +0 dagger (alternate weapon; not wielded) g - a +0 orcish dagger a - a +1 long sword (weapon in hand) Armor c - an uncursed +3 small shield (being worn) Comestibles d - 2 uncursed food rations Scrolls e - 2 uncursed scrolls of identify f - an uncursed scroll of remove curse Greg the Valkyrie's attributes: Background: You were a Stripling, a level 1 human Valkyrie. You were lawful, on a mission for Tyr who was opposed by Odin (neutral) and Loki (chaotic). You were in the Dungeons of Doom, on level 2. You entered the dungeon 197 turns ago. There was a full moon in effect when your adventure ended. You had 10 experience points, 10 more were needed to attain level 2. Your score was 90 before end-of-game adjustments. Basics: You had 0 out of 16 hit points. You had both energy points (spell power). Your armor class was 6. Your wallet was empty. Autopickup was off. Final Characteristics: Your strength was 18 (limit:18/100). Your dexterity was 16 (limit:18). Your constitution was 15 (limit:18). Your intelligence was 7 (limit:18). Your wisdom was 8 (limit:18). Your charisma was 11 (limit:18). Final Status: You were satiated. You were unencumbered. You were wielding a long sword. You had basic skill with long sword. Final Attributes: You were stridently aligned. You were cold resistant. You were stealthy. You were lucky. You are dead. Miscellaneous: You never encountered a bones level. Total elapsed playing time was 2 minutes and 9 seconds. Vanquished creatures: a goblin a lichen 2 creatures vanquished. No species were genocided or became extinct. Voluntary challenges: You followed a strict vegan diet. You were an atheist. You were illiterate. You never engraved Elbereth. You never genocided any monsters. You never polymorphed an object. You never changed form. You used no wishes. The Dungeons of Doom: levels 1 to 2 Level 1: Level 2: <- You were here. Final resting place for you, killed by a boulder. Game over: ---------- / \ / REST \ / IN \ / PEACE \ / \ | greg | | 0 Au | | killed by a | | boulder | | | | | | 2022 | *| * * * | * _________)/\\_//(\/(/\)/\//\/|_)_______ Farvel greg the Valkyrie... You died in The Dungeons of Doom on dungeon level 2 with 90 points, and 0 pieces of gold, after 197 moves. You were level 1 with a maximum of 16 hit points when you died.